 Dungeon Crawl Stone Soup version 0.31-a0-95-g6fa058ef04 (webtiles) character file.

Game seed: 12336271687099796984

20373 senseless the Fighter (level 12, -11/110 HPs)
             Began as a Pale Draconian Warper on May 25, 2023.
             Was the Champion of Okawaru.
             Killed from afar by Frances (50 damage)
             ... with an entropic shot
             ... on level 13 of the Dungeon.
             The game lasted 00:41:43 (12897 turns).

senseless the Fighter (Pale Draconian Warper)      Turns: 12897, Time: 00:41:43

Health: -11/110    AC: 19    Str: 14    XL:     12   Next: 44%
Magic:  30/34      EV: 21    Int: 13    God:    Okawaru [******]
Gold:   693        SH:  5    Dex: 16    Spells: 21/30 levels left

rFire   . . .        A - +8 autumn katana {manifold assault}
rCold   + . .        h - orb {light}
rNeg    . . .        (body armour unavailable)
rPois   .            E - +4 hat of Okawaru's Reproof {rC+}
rElec   .            i - +1 cloak
rCorr   .            N - +1 pair of gloves
SInv    .            j - +2 pair of boots
Will    .....        q - amulet of reflection
Stlth   +            K - +5 ring of evasion
HPRegen 0.38/turn    z - ring of magical power
MPRegen 0.24/turn

%: reflection
@: spiked, glowing
A: breathe steam, AC +8, unfitting armour, cold-blooded, steam resistance
a: Breathe Steam, Renounce Religion, Heroism, Finesse, Duel


You were on level 13 of the Dungeon.
You worshipped Okawaru.
Okawaru was exalted by your worship.
You visited 2 branches of the dungeon, and saw 14 of its levels.

You collected 783 gold pieces.
You spent 90 gold pieces at shops.

Inventory:

Hand Weapons
 a - a +4 heavy falchion
 p - the +10 scimitar "Ogitzid" {flame, Fly}
   (You acquired it on level 5 of the Dungeon)

   Fly:       It grants you flight.
 A - the +8 autumn katana (weapon) {manifold assault}
   (Okawaru gifted it to you on level 9 of the Dungeon)
 I - the +10 shortbow of Imminent Death {antimagic, rCorr Str+3 Dex+3 Stlth-}
   (You found it on level 12 of the Dungeon)

   Str:       It affects your strength (+3).
   Dex:       It affects your dexterity (+3).
   rCorr:     It protects you from acid and corrosion.
   Stlth:     It makes you less stealthy.
Missiles
 c - 7 boomerangs of dispersal
 d - 2 silver boomerangs
 y - 8 boomerangs
Armour
 h - an orb of light (worn)
 i - a +1 cloak (worn)
 j - a +2 pair of boots (worn)
 E - the +4 hat of Okawaru's Reproof (worn) {rC+}
   (Okawaru gifted it to you on level 11 of the Dungeon)

   rC:        It protects you from cold.
 M - a scarf of invisibility
 N - a +1 pair of gloves (worn)
Jewellery
 l - a ring of fire
 q - an amulet of reflection (around neck)
 s - a ring of positive energy
 u - a ring of ice
 z - a ring of magical power (right hand)
 K - a +5 ring of evasion (left hand)
Wands
 n - a wand of iceblast (39)
 D - a wand of polymorph (6)
 F - a wand of flame (14)
 G - a wand of quicksilver (7)
 L - a wand of digging (2)
Scrolls
 b - 2 scrolls of blinking
 g - 3 scrolls of fear
 k - a scroll of magic mapping
 t - 3 scrolls of fog
 w - 5 scrolls of teleportation
 x - 2 scrolls of silence
 C - a scroll of enchant weapon
 J - a scroll of identify
Potions
 e - 3 potions of might
 f - 5 potions of curing
 m - 6 potions of attraction
 o - 3 potions of mutation
 r - 2 potions of resistance
 v - 4 potions of enlightenment
 B - a potion of brilliance
 H - 2 potions of haste


   Skills:
 * Level 11.5 Fighting
 * Level 8.4 Long Blades
 - Level 0.8 Throwing
 + Level 7.4 Dodging
 * Level 9.8 Spellcasting
 + Level 8.0 Translocations
 + Level 7.5 Air Magic


You had 21 spell levels left.
You knew the following spells:

 Your Spells              Type           Power      Damage    Failure   Level
a - Blink                 Tloc           54%        N/A       1%          2
b - Vhi's Electric Charg  Tloc/Air       46%        N/A       2%          3
c - Manifold Assault      Tloc           27%        N/A       4%          4

Your spell library contained the following spells:

 Spells                   Type           Power      Damage    Failure   Level
 Lesser Beckoning         Tloc           54%        N/A       1%          2
 Teleport Other           Tloc           27%        N/A       1%          3
 Poisonous Vapours        Pois/Air       24%        N/A       6%          2
 Magic Dart               Conj           24%        1d4       12%         1
 Sandblast                Erth           12%        2d6       12%         1
 Searing Ray              Conj           12%        2d4       17%         2
 Sublimation of Blood     Necr           6%         N/A       17%         2
 Wereblood                Tmut           6%         N/A       17%         2
 Sting                    Tmut/Pois      12%        1d3       19%         1
 Mephitic Cloud           Conj/Pois/Air  8%         N/A       24%         3
 Passwall                 Tmut/Erth      2%         N/A       28%         2
 Stone Arrow              Conj/Erth      6%         3d7       50%         3
 Olgreb's Toxic Radiance  Pois           6%         N/A       75%         4
 Arcjolt                  Conj/Air       6%         1d16      75%         5
 Fulminant Prism          Conj/Hex       1%         3d5       88%         4
 Borgnjor's Vile Clutch   Necr/Erth      1%         N/A       99%         5
 Maxwell's Capacitive Co  Air            12%        ∞         100%        8
 Summon Small Mammal      Summ           Unusable   N/A       N/A         1
 Call Imp                 Summ           Unusable   N/A       N/A         2
 Call Canine Familiar     Summ           Unusable   N/A       N/A         3
 Summon Guardian Golem    Hex/Summ       Unusable   N/A       N/A         3
 Animate Dead             Necr           Unusable   N/A       N/A         4
 Death Channel            Necr           Unusable   N/A       N/A         6
 Summon Hydra             Summ           Unusable   N/A       N/A         7

Dungeon Overview and Level Annotations

Branches:
Dungeon (13/15)            Temple (1/1) D:6            Lair (0/5) D:8
    Orc (0/2) D:9
 Vaults: D:13-14

Altars:
Ashenzari
Cheibriados
Dithmenos
Elyvilon
Fedhas
Gozag
Hepliaklqana
Kikubaaqudgha
Makhleb
Nemelex Xobeh
Okawaru
Qazlal
Ru
Sif Muna
Trog
Uskayaw
Vehumet
Wu Jian
Xom
Yredelemnul
Zin
The Shining One

Shops:
D:1 (   D:5 *   D:9 ?[(   D:10 (

Annotations:
D:13 Frances


Innate Abilities, Weirdness & Mutations

You can breathe blasts of scalding, opaque steam.
Your pale cyan-grey scales are hard. (AC +8)
You cannot fit into any form of body armour.
You are cold-blooded and may be slowed by cold attacks.
You are immune to the effects of steam.


Message History

Barbed spikes become lodged in your body.
You block the hellwing's attack. x2
You slice Frances!!
Your tail-slap misses Frances.
Frances is severely wounded.
You block Frances's attack.
The ice devil hits you but does no damage.
The red devil hits you from afar with a +0 demon trident!
Barbed spikes become lodged in your body.
The hellwing barely misses you. The hellwing misses you.
You slice Frances!!
You slice through the folds of space itself!
You hit the red devil. You hit the ice devil.
You hit the hellwing but do no damage.
Frances is almost dead.
Frances chants phrases taken from a devil's mouth.
Frances seems to speed up.
You hit Frances but do no damage.
Frances is almost dead.
The ice devil barely misses you. The hellwing hits you!
The hellwing completely misses you. The red devil completely misses you.
Frances says, "Show me proof of your conquests, and I will call you a great adventurer."
Frances drinks a potion.
Frances is healed!
You slice Frances!!
You tail-slap Frances, but do no damage.
Frances is almost dead.
The ice devil hits you. The ice devil freezes you! You resist.
Frances drinks a potion.
Frances is healed!
The hellwing barely misses you. x2
The red devil closely misses you.
You hit Frances. You tail-slap Frances.
Frances is almost dead.
Frances chants phrases taken from a devil's mouth.
The shard of ice hits you! You partially resist.
The ice devil closely misses you. The red devil closely misses you.
The hellwing barely misses you.
The hellwing hits you but does no damage.
You hit Frances but do no damage.
Frances is almost dead.
Frances screams a word of power!
The entropic shot hits you!!!
You die...

#### 4.# ### #@#
... ####@####.##
#). #...44......
.##..#.#.#.#####.#
......###..#
#....#../#
###.#### #...).#
#.....# #.....#


You could see Frances (fast), a hellwing (summoned), an ice devil (summoned) and
a red devil (summoned).

Vanquished Creatures
  4 hydras
  A death knight (D:13)
  A two-headed ogre (D:9)
  A boulder beetle (D:12)
  Amaemon (D:10)
  A skeletal warrior (D:8)
  Pikel (D:9)
  2 deep elf pyromancers
  2 deep elf zephyrmancers (D:11)
  A cyclops (D:9)
  A manticore (D:12)
  An ugly thing (D:13)
  An unseen horror (D:10)
  An orange demon (D:10)
  A gargoyle (D:12)
  A komodo dragon (D:12)
  5 trolls
  A hornet (D:8)
  3 slime creatures (D:13)
  14 yaks
  Sigmund (D:6)
  2 shadows
  5 wraiths
  4 vampire mosquitoes
  4 steam dragons
  2 acid dragons (D:10)
  3 orc warriors (D:9)
  A swamp drake (D:11)
  3 black bears
  A sky beast (D:6)
  6 centaurs
  An ogre (D:4)
  A phantom (D:3)
  2 kobold brigands
  A gnoll sergeant (D:12)
  6 bullfrogs
  A scorpion (D:6)
  14 wights (D:7)
  11 killer bees
  3 howler monkeys
  2 lava snakes (D:9)
  A crimson imp (D:11)
  2 jellies (D:5)
  An iron imp (D:11)
  5 orc priests
  2 hounds
  2 gnoll boudas
  11 orc wizards
  Natasha (twice) (D:2)
  2 iguanas
  15 gnolls
  6 adders
  A shadow imp (D:11)
  2 white imps
  4 worms
  3 dart slugs (D:1)
  42 orcs
  4 endoplasms
  3 giant cockroaches
  2 goblins (D:1)
  6 hobgoblins
  2 jackals (D:1)
  15 kobolds
  3 quokkas
  5 ball pythons
  6 bats
  3 frilled lizards
  5 rats
273 creatures vanquished.

Vanquished Creatures (others)
  An orc wizard (D:8)
  A gnoll (D:8)
2 creatures vanquished.

Grand Total: 275 creatures vanquished

Notes
Turn   | Place    | Note
-------+----------+-------------------------------------------
     0 | D:1      | senseless the Draconian Warper began the quest for the Orb.
     0 | D:1      | Reached XP level 1. HP: 17/17 MP: 3/3
    53 | D:1      | Reached XP level 2. HP: 25/25 MP: 5/5
   152 | D:1      | Found Nytt's Weapon Emporium.
   346 | D:1      | Found a faded altar of an unknown god.
   372 | D:1      | Reached XP level 3. HP: 26/30 MP: 6/6
  1021 | D:2      | Noticed Natasha
  1028 | D:2      | Killed Natasha
  1029 | D:2      | Reached XP level 4. HP: 32/37 MP: 7/7
  1128 | D:2      | Reached skill level 3 in Fighting
  1429 | D:2      | Noticed Natasha
  1449 | D:2      | Killed Natasha
  1661 | D:3      | Noticed a phantom
  1672 | D:3      | Killed a phantom
  1673 | D:3      | Reached XP level 5. HP: 35/45 MP: 9/9
  1721 | D:3      | Found an ancient bone altar of Kikubaaqudgha.
  1729 | D:3      | Found a shimmering altar of Xom.
  2586 | D:4      | Found a white marble altar of Elyvilon.
  2612 | D:4      | Noticed an ogre
  2618 | D:4      | Killed an ogre
  2619 | D:4      | Reached XP level 6. HP: 21/52 MP: 10/10
  2915 | D:4      | Learned a level 2 spell: Blink
  2919 | D:4      | Learned a level 3 spell: Vhi's Electric Charge
  2924 | D:4      | Learned a level 4 spell: Manifold Assault
  3025 | D:5      | Entered Level 5 of the Dungeon
  3144 | D:5      | Reached skill level 4 in Fighting
  3195 | D:5      | Found Sielor's Superlative Supplies.
  3292 | D:5      | Identified a scroll of acquirement
  3292 | D:5      | Acquired the +10 scimitar "Ogitzid" {flame, Fly}
  3301 | D:5      | Your scales start taking on a pale cyan-grey colour.
  3301 | D:5      | Reached skill level 1 in Air Magic
  3301 | D:5      | Reached XP level 7. HP: 56/59 MP: 12/12
  3301 | D:5      | Gained mutation: You are immune to the effects of steam.
                  | [Pale Draconian growth]
  3472 | D:5      | Found an ornate altar of the Wu Jian Council.
  3473 | D:5      | Found a burning altar of Makhleb.
  3674 | D:6      | Found a staircase to the Ecumenical Temple.
  3706 | Temple   | Entered the Ecumenical Temple
  3859 | Temple   | Became a worshipper of Warmaster Okawaru
  3956 | D:6      | Noticed Sigmund
  3963 | D:6      | Killed Sigmund
  3964 | D:6      | Reached skill level 5 in Fighting
  4068 | D:6      | Found a shimmering blue altar of Sif Muna.
  4097 | D:6      | Reached * piety under Okawaru
  4098 | D:6      | Reached XP level 8. HP: 68/68 MP: 14/14
  4754 | D:7      | Reached skill level 5 in Translocations
  4782 | D:7      | Reached skill level 6 in Fighting
  4782 | D:7      | Reached skill level 5 in Spellcasting
  4921 | D:7      | Reached ** piety under Okawaru
  5191 | D:7      | Reached XP level 9. HP: 51/78 MP: 14/17
  5353 | D:7      | Reached skill level 5 in Long Blades
  5448 | D:7      | Reached skill level 7 in Fighting
  5801 | D:7      | Found an opulent altar of Gozag.
  5801 | D:7      | Found a glowing silver altar of Zin.
  5961 | D:8      | Noticed a seven-headed hydra
  5966 | D:8      | Killed a two-headed hydra
  5966 | D:8      | Reached *** piety under Okawaru
  5967 | D:8      | Reached skill level 5 in Dodging
  6202 | D:8      | Noticed a skeletal warrior
  6383 | D:8      | You are sucked into a shaft and drop 2 floors!
  6383 | D:10     | Entered Level 10 of the Dungeon
  6386 | D:10     | Noticed an orange demon
  6386 | D:10     | Noticed Amaemon
  6398 | D:10     | Killed an orange demon
  6424 | D:10     | Noticed a troll
  6429 | D:10     | Killed a troll
  6430 | D:10     | Reached skill level 8 in Fighting
  6430 | D:10     | Reached XP level 10. HP: 76/88 MP: 16/20
  6511 | D:10     | Reached **** piety under Okawaru
  6539 | D:10     | Found Egraox's Weapon Boutique.
  6547 | D:10     | Killed Amaemon
  6548 | D:10     | Reached skill level 5 in Air Magic
  7011 | D:9      | Found Paiteoth's Armour Shoppe.
  7090 | D:9      | Found a hide-covered altar of Uskayaw.
  7107 | D:9      | Noticed a two-headed ogre
  7111 | D:9      | Killed a two-headed ogre
  7111 | D:9      | Reached ***** piety under Okawaru
  7113 | D:9      | Found a staircase to the Orcish Mines.
  7115 | D:9      | Reached skill level 9 in Fighting
  7596 | D:9      | Found Athovil's Antique Weapon Shoppe.
  7596 | D:9      | Noticed a cyclops
  7602 | D:9      | Killed a cyclops
  7602 | D:9      | Received a gift from Okawaru
  7602 | D:9      | Found the +8 autumn katana {manifold assault}
  7796 | D:9      | Noticed Pikel
  7805 | D:9      | Killed Pikel
  7925 | D:9      | Reached XP level 11. HP: 97/97 MP: 23/23
  8626 | D:8      | Killed a skeletal warrior
  9072 | D:8      | Found a staircase to the Lair.
  9479 | D:9      | Found Punwuix's Magic Scroll Emporium.
  9492 | D:9      | Bought a scroll of magic mapping for 90 gold pieces
  9767 | D:10     | Reached skill level 10 in Fighting
  9843 | D:10     | Found a sparkling altar of Nemelex Xobeh.
 10209 | D:10     | Found a glowing golden altar of the Shining One.
 10209 | D:10     | Found a snail-covered altar of Cheibriados.
 10390 | D:11     | Identified the +4 hat of Okawaru's Reproof {rC+} (Okawaru
                  | gifted it to you on level 11 of the Dungeon)
 10390 | D:11     | Received a gift from Okawaru
 10630 | D:11     | Noticed a deep elf pyromancer
 10640 | D:11     | Killed a deep elf pyromancer
 10939 | D:11     | Noticed a deep elf zephyrmancer
 10942 | D:11     | Noticed a deep elf zephyrmancer
 10947 | D:11     | Killed a deep elf zephyrmancer
 10952 | D:11     | Killed a deep elf zephyrmancer
 10962 | D:11     | Identified the +0 hat "Zehod" {*Corrode rElec rF+ Dex+3}
 11510 | D:12     | Noticed a deep elf pyromancer
 11515 | D:12     | Killed a deep elf pyromancer
 11550 | D:12     | Identified the +10 shortbow of Imminent Death {antimagic,
                  | rCorr Str+3 Dex+3 Stlth-}
 11669 | D:12     | Reached XP level 12. HP: 108/108 MP: 22/25
 11804 | D:12     | Reached skill level 11 in Fighting
 12162 | D:12     | Noticed a boulder beetle
 12170 | D:12     | Killed a boulder beetle
 12405 | D:13     | Noticed a five-headed hydra
 12407 | D:13     | Noticed an eight-headed hydra
 12409 | D:13     | Killed a six-headed hydra
 12416 | D:13     | Killed a one-headed hydra
 12503 | D:13     | Noticed a death knight
 12505 | D:13     | Reached ****** piety under Okawaru
 12521 | D:13     | Killed a death knight
 12618 | D:13     | Noticed a four-headed hydra
 12622 | D:13     | Killed a two-headed hydra
 12622 | D:13     | Received a gift from Okawaru
 12884 | D:13     | Noticed Frances
 12897 | D:13     | Killed from afar by Frances

Illustrated notes

Levels and vault maps discovered:
D:1:      lightli_arrival_noodles, layout_rooms, serial_shops, shop,
          hellmonk_ecumenical_altar_dog_temple
D:2:      layout_loops_ring, uniq_natasha
D:3:      layout_rooms, jmf_multi_god_temple, minmay_diced_spiral
D:4:      layout_loops_ring, kennysheep_little_box
D:5:      layout_cave_pools, nicolae_overflow_two_pavilions,
          nicolae_alphabet_shops
D:6:      layout_loops_corners, mainiacjoe_overflow_surrounded_room,
          minmay_temple_entry_waves, serial_aquarium, aquarium_bridge_square
          [aquarium_subvault_wall, aquarium_subvault_bridge,
          aquarium_subvault_wall, aquarium_subvault_wall], aquarium_window_1,
          aquarium_window_corridor_1, aquarium_window_double,
          aquarium_window_corner, aquarium_view_2g, aquarium_balcony_3a,
          uniq_sigmund
D:7:      layout_gridville, grunt_temple_overflow_gold_and_silver
D:8:      minmay_diamond_stairs, layout_loops_ring, lair_entry_dummy
D:9:      layout_basic, eat_drink_and_be_merry_uskayaw, orc_0_dummy,
          serial_shops, nicolae_square_shop, nicolae_shop_hallway_plus,
          nicolae_shop_just_a_little_nook, chequers_serial_rivers_marsh,
          kennysheep_donut, grunt_ministairs_11, uniq_pikel
D:10:     layout_loops_ring, gammafunk_temple_overflow_pools,
          nemelex_diamond_rough_becter, serial_shops,
          nicolae_shop_bloodbath_and_beyond, uniq_amaemon
D:11:     layout_stronghold, minmay_splitting_lines, grunt_decor_clamped,
          corexii_leaking_fountain, hangedman_minor_magic
D:12:     layout_irregular_city
D:13:     layout_loops_cross, grunt_ministairs_14, minmay_misc_feat_doors,
          uniq_sonja, uniq_frances
Temple:   hellmonk_temple_flake

Skill      XL: |  1  2  3  4  5  6  7  8  9 10 11 12 |
---------------+-------------------------------------+-----
Fighting       | 3 4 5 6 8 9 10 11 | 11.5
Long Blades    | 3 4 5 6 7 8 |  8.4
Dodging        | 3 4 5 6 7 |  7.4
Spellcasting   | 3 4 5 6 8 9 |  9.8
Translocations | 4 5 6 7 8 |  8.0
Air Magic      | 1 2 3 4 5 7 |  7.5
Throwing       | |  0.8

Action                     |  1- 3 |  4- 6 |  7- 9 | 10-12 || total
---------------------------+-------+-------+-------+-------++-------
  Melee: Falchion          |   101 |   126 |       |       ||   227
         Tailslap          |    11 |    29 |    12 |    62 ||   114
         Punch             |     1 |       |       |       ||     1
         Unarmed           |     5 |    12 |       |       ||    17
         Scimitar          |       |     2 |   123 |    92 ||   217
         Katana            |       |       |       |   353 ||   353
   Cast: Manifold Assault  |       |       |     4 |    37 ||    41
         Vhi's Electric Ch |       |       |    13 |    42 ||    55
         Blink             |       |       |       |     1 ||     1
    Use: Scroll            |       |    17 |     2 |     9 ||    28
         Potion            |       |       |       |     2 ||     2
 Armour: Skin              |    33 |    62 |    28 |    92 ||   215
  Dodge: Dodged            |    62 |   132 |    94 |   205 ||   493
  Block: Orb               |       |    21 |    35 |    69 ||   125
         Reflection        |       |       |     1 |     6 ||     7

Table legend: (Time is in decaauts)
 A = Elapsed time spent in this place.
 B = Non-inter-level travel time spent in this place.
 C = Inter-level travel time spent in this place.
 D = Time resting spent in this place.
 E = Time spent auto-exploring this place.
 F = Levels seen in this place.
 G = Mean time per level.
                   A        B        C        D        E       F      G
               +--------+--------+--------+--------+--------+-----+--------+
         Total |  12961 |  12516 |    445 |    253 |  10635 |  14 |  925.8 |
       Dungeon |  12796 |  12362 |    434 |    253 |  10494 |  13 |  984.3 |
        Temple |    164 |    153 |     11 |      0 |    141 |   1 |  164.0 |
               +--------+--------+--------+--------+--------+-----+--------+

Top non-repeatable levels by time:
     D:9: 1683 daAuts
     D:8: 1456 daAuts
     D:7: 1362 daAuts
    D:11: 1186 daAuts
    D:10: 1071 daAuts
     D:2: 1057 daAuts
     D:6: 923 daAuts
    D:12: 923 daAuts
     D:4: 787 daAuts
     D:3: 652 daAuts
     D:5: 627 daAuts
     D:1: 583 daAuts
    D:13: 482 daAuts
  Temple: 164 daAuts
